 Dungeon Crawl Stone Soup version 0.29.0-13-gc9e81de378 (webtiles) character file.

Game seed: 8257444221324516187

236 Itachiuchiha the Magician (level 5, -2/28 HPs)
             Began as a Deep Elf Fire Elementalist on Sept 11, 2022.
             Was an Initiate of Makhleb.
             Slain by an orc
             ... wielding a +0 flail
              (8 damage)
             ... on level 4 of the Dungeon.
             The game lasted 00:10:18 (3074 turns).

Itachiuchiha the Magician (DEFE)                    Turns: 3074, Time: 00:10:19

Health: -2/28      AC:  2    Str: 11    XL:     5   Next: 77%
Magic:  9/14       EV: 13    Int: 22    God:    Makhleb [......]
Gold:   129        SH:  0    Dex: 21    Spells: 1/14 levels left

rFire   . . .      SeeInvis .   d - +2 dagger (freeze)
rCold   . . .      Faith    .   (no shield)
rNeg    . . .      Spirit   .   a - +0 robe
rPois   .          Reflect  .   (no helmet)
rElec   .          Harm     .   (no cloak)
rCorr   .          Rampage  .   (no gloves)
Will    .....                   (no boots)
Stlth   +.........              (no amulet)
HPRegen 0.09/turn               j - +6 ring of dexterity
MPRegen 0.14/turn               m - +6 ring of strength

@: confused, very slightly contaminated
A: no striking features
a: Renounce Religion


You were on level 4 of the Dungeon.
You worshipped Makhleb.
Makhleb was noncommittal.
You visited 1 branch of the dungeon, and saw 4 of its levels.

You collected 129 gold pieces.

Inventory:

Hand Weapons
 c - a +0 long sword
 d - a +2 dagger of freezing (weapon)
Armour
 a - a +0 robe (worn)
Jewellery
 g - a ring of wizardry
 j - a +6 ring of dexterity (left hand)
 m - a +6 ring of strength (right hand)
Scrolls
 e - 3 scrolls of identify
 h - 2 scrolls of butterflies
 k - a scroll of poison {unknown}
 l - a scroll of enchant weapon {unknown}
 o - a scroll of teleportation
Potions
 b - a potion of magic
 f - a potion of haste {unknown}
 i - a potion of heal wounds
 n - a potion of brilliance {unknown}
 p - a potion of mutation {unknown}


   Skills:
 - Level 2.4 Dodging
 - Level 2.4 Stealth
 + Level 5.2 Spellcasting
 + Level 3.6 Conjurations
 + Level 0.2 Hexes
 + Level 4.9 Fire Magic


You had one spell level left.
You knew the following spells:

 Your Spells              Type           Power      Damage    Failure   Level
a - Foxfire               Conj/Fire      96%        2x1d8     1%          1
b - Scorch                Fire           54%        2d8       1%          2
c - Flame Wave            Conj/Fire      24%        2d8       17%         4
d - Conjure Flame         Conj/Fire      24%        6-21      4%          3
e - Inner Flame           Hex/Fire       17%        N/A       10%         3

Your spell library contained the following spells:

 Spells                   Type           Power      Damage    Failure   Level
 Sublimation of Blood     Necr           5%         N/A       16%         2
 Petrify                  Tmut/Erth      5%         N/A       69%         4
 Irradiate                Conj/Tmut      6%         3d13      78%         5
 Malign Gateway           Summ/Tloc      2%         N/A       100%        7
 Borgnjor's Revivificati  Necr           2%         N/A       100%        8
 Necromutation            Tmut/Necr      2%         N/A       100%        8
 Summon Horrible Things   Summ           2%         N/A       100%        8
 Death's Door             Necr           2%         N/A       100%        9


Dungeon Overview and Level Annotations

Branches:
Dungeon (4/15)
 Temple: D:4-7

Altars:
Makhleb


Message History

Casting: Flame Wave (extremely dangerous; 17% risk of failure)
Confirm with . or Enter, or press ? or * to list all spells.
You can't see any susceptible monsters within range! (Use Z to cast anyway.)
Casting: Flame Wave (extremely dangerous; 17% risk of failure)
Confirm with . or Enter, or press ? or * to list all spells.
You conjure some foxfire!
The orc shouts! x2
Casting: Foxfire (safe; 1% risk of failure)
Press: ? - help, Q - select action, (/) - cycle Dir - look around, f - activate Look: a foxfire (friendly)
You conjure some foxfire!
The foxfire hits the orc wizard.
The orc wizard is moderately wounded.
The foxfire hits the orc wizard.
The orc wizard is heavily wounded.
The orc wizard casts a spell at you. The puff of flame hits you.
Casting: Foxfire (safe; 1% risk of failure)
Confirm with . or Enter, or press ? or * to list all spells.
The spell is extremely dangerous to miscast (17% risk of failure)!
Continue anyway?
Casting: Flame Wave (extremely dangerous; 17% risk of failure)
Press: ? - help, Dir - look around, f - activate You miscast Flame Wave.
You are very lightly contaminated with residual magic.
Nothing appears to happen.
The foxfire hits the orc.
The orc is moderately wounded.
The foxfire hits the orc.
The orc is severely wounded.
The orc wizard points at you and mumbles some strange words.
You are confused.
An orc comes into view. It is wielding a +0 club.
The orc completely misses you. The orc barely misses you.
The orc hits you with a +0 dagger. The orc hits you with a +0 flail!
The orc wizard hits you with a +0 dagger.
* * * LOW HITPOINT WARNING * * *
The orc barely misses you. The orc hits you with a +0 dagger.
* * * LOW HITPOINT WARNING * * *
The orc hits you with a +0 flail!
You die...

##....##.#### #
##.........##### ##
##..............##.
#.................
#.................
##.......#######...
#.......## #..>
#####oo....## #...
.###....o@....#
#....
....:...o.....#
#...#
.............##
#..##
.....o....[..# #..
..............# ..
................
.................
.........###.....
#......### ....#


You could see an orc wizard and 4 orcs.

Vanquished Creatures
  An ogre (D:4)
  A scorpion (D:3)
  An iguana (D:4)
  2 adders
  A dart slug (D:2)
  6 endoplasms
  4 giant cockroaches
  2 goblins (D:2)
  2 hobgoblins (D:2)
  3 jackals (D:2)
  2 quokkas
  5 ball pythons
  5 bats
  A frilled lizard (D:2)
  10 kobolds
  3 rats
49 creatures vanquished.

Vanquished Creatures (others)
  72 foxfires
72 creatures vanquished.

Grand Total: 121 creatures vanquished

Notes
Turn   | Place    | Note
-------+----------+-------------------------------------------
     0 | D:1      | Itachiuchiha the Deep Elf Fire Elementalist began the quest
                  | for the Orb.
     0 | D:1      | Reached XP level 1. HP: 10/10 MP: 6/6
   954 | D:1      | Reached XP level 2. HP: 15/15 MP: 5/8
   976 | D:1      | Learned a level 2 spell: Scorch
  1486 | D:2      | Reached XP level 3. HP: 19/19 MP: 7/10
  1924 | D:3      | Noticed a scorpion
  1928 | D:3      | Reached skill level 4 in Spellcasting
  1941 | D:3      | Killed a scorpion
  1942 | D:3      | Reached XP level 4. HP: 4/24 MP: 1/12
  1944 | D:3      | HP: 1/24 [poisoned by a scorpion]
  2512 | D:4      | Reached XP level 5. HP: 28/28 MP: 9/14
  2517 | D:4      | Learned a level 4 spell: Flame Wave
  2521 | D:4      | Learned a level 3 spell: Conjure Flame
  2525 | D:4      | Learned a level 3 spell: Inner Flame
  2774 | D:4      | Noticed an ogre
  2796 | D:4      | Found a burning altar of Makhleb.
  2796 | D:4      | Noticed an Executioner
  2803 | D:4      | Killed an ogre
  2804 | D:4      | Reached skill level 5 in Spellcasting
  2822 | D:4      | Noticed a smoke demon
  2822 | D:4      | Noticed an orange demon
  2825 | D:4      | Became a worshipper of Makhleb the Destroyer
  3074 | D:4      | Slain by an orc

Illustrated notes

Levels and vault maps discovered:
D:1:      beargit_arrival_greenhouse, layout_basic,
          chequers_ecumenical_altar_simple_redux, chequers_serial_rivers_marsh
D:2:      layout_loops_ring, kennysheep_generic_room_7
D:3:      layout_rooms, chequers_serial_rivers_room_b
D:4:      layout_layer_cave, makhleb_altar_promises_db, uniq_grinder

Skill      XL: |  1  2  3  4  5 |
---------------+----------------+-----
Conjurations   | 2 3 |  3.6
Spellcasting   | 4 5 |  5.2
Fire Magic     | 4 |  4.9
Dodging        | |  2.4
Stealth        | |  2.4
Hexes          | |  0.2

Action                   |  1- 3 |  4- 6 || total
-------------------------+-------+-------++-------
Melee: Long sword        |    13 |     2 ||    15
       Dagger            |       |     3 ||     3
 Cast: Foxfire           |    42 |     6 ||    48
       Scorch            |    18 |    13 ||    31
       Conjure Flame     |       |     2 ||     2
       Flame Wave        |       |     2 ||     2
  Use: Scroll            |     3 |     2 ||     5
       Potion            |     1 |     1 ||     2
Armor: Robe              |     8 |     2 ||    10
Dodge: Dodged            |    29 |    18 ||    47
